[Event "WJCC U20 Girls 2019"]
[Site "New Delhi"]
[Date "2019.10.23"]
[Round "9.8"]
[White "Song, Yuxin"]
[Black "Altantuya, Boldbaatar"]
[Result "1-0"]
[ECO "B40"]
[WhiteElo "2292"]
[BlackElo "2277"]
[Annotator "ChessBase"]
[PlyCount "103"]
[EventDate "2019.10.15"]
[EventType "swiss"]
[EventCountry "IND"]
[SourceTitle "playchess.com"]
[Source "ChessBase"]
[SourceQuality "1"]
[TimeControl "40/5400+30:1800+30"]

1. e4 c5 2. Nf3 e6 3. Nc3 d6 4. g3 Nc6 5. d4 cxd4 6. Nxd4 Nf6 7. Bg2 a6 8. O-O Bd7 9. Nxc6 Bxc6 10. a4 Qc7 11. a5 b6 12. axb6 Qxb6 13. b3 Be7 14. Re1 O-O 15. Nd5 exd5 16. exd5 Nxd5 17. Bxd5 Bf6 18. Be3 Qb7 19. Bxc6 Qxc6 20. Ra4 d5 21. Bd4 Rac8 22. Re2 Bxd4 23. Rxd4 a5 24. Rxd5 a4 25. bxa4 Qxa4 26. Red2 Qa8 27. R2d4 g6 28. c4 Qa3 29. Rd8 Kg7 30. R8d7 Qc3 31. Qe2 Rfe8 32. Qg4 Qa1+ 33. Kg2 Rc5 34. Qf3 Rf5 35. Rf4 Rxf4 36. Qxf4 Qa8+ 37. Kh3 Rf8 38. f3 Qc8 39. Qd4+ Kg8 40. c5 Qa6 41. Qd5 Qf1+ 42. Kg4 Qf2 43. h3 h5+ 44. Kh4 Qb2 45. Kg5 Qg7 46. Rd8 Rxd8 47. Qxd8+ Kh7 48. Qf6 Qh6+ 49. Kh4 Qf8 50. c6 Qc5 51. f4 Qc4 52. Qd6 1-0

[Event "WJCC U20 Girls 2019"]
[Site "New Delhi"]
[Date "2019.10.23"]
[Round "9.9"]
[White "Solozhenkina, Elizaveta"]
[Black "Lakshmi C"]
[Result "1-0"]
[ECO "B34"]
[WhiteElo "2283"]
[BlackElo "1859"]
[Annotator "ChessBase"]
[PlyCount "125"]
[EventDate "2019.10.15"]
[EventType "swiss"]
[EventCountry "IND"]
[SourceTitle "playchess.com"]
[Source "ChessBase"]
[SourceQuality "1"]
[TimeControl "40/5400+30:1800+30"]

1. e4 c5 2. Nf3 Nc6 3. d4 cxd4 4. Nxd4 Nf6 5. Nc3 e5 6. Ndb5 d6 7. Nd5 Nxd5 8. exd5 Nb8 9. a4 Be7 10. Be2 O-O 11. O-O a6 12. Na3 f5 13. Bd2 f4 14. Nc4 Nd7 15. a5 Nf6 16. Bb4 e4 17. Ra3 Bf5 18. Re1 Rc8 19. Qd4 Ne8 20. Qb6 Rc7 21. Bf1 Rf6 22. Rc3 Rf7 23. Nd2 Rxc3 24. Bxc3 Qxb6 25. axb6 Bd8 26. Nxe4 Bxb6 27. Ng5 Rf8 28. Ne6 Rf7 29. Ng5 Rf8 30. Ne6 Rf7 31. Nxf4 Nc7 32. g3 Bxc2 33. h4 Bb3 34. Bg2 a5 35. Re2 Bc4 36. Re4 Bb3 37. h5 Kf8 38. Re2 Bc4 39. Rd2 Nb5 40. Ne6+ Kg8 41. Bxa5 Bxa5 42. Rc2 Bb6 43. Rxc4 Bxf2+ 44. Kh2 Na7 45. Be4 b5 46. Rc3 Bb6 47. Kh3 h6 48. Bg6 Rf2 49. Ra3 Rf1 50. Ra6 Nc8 51. Ra8 Rc1 52. Nf4 Bd4 53. Bf5 Bxb2 54. Be6+ Kf8 55. Ng6+ Ke8 56. Bxc8 Kd8 57. Ba6+ Kc7 58. Bxb5 Rh1+ 59. Kg4 Kb6 60. Bc6 Kc5 61. Rd8 Bf6 62. Rd7 Rb1 63. Nf4 {Kxd5} 1-0

[Event "WJCC U20 Girls 2019"]
[Site "New Delhi"]
[Date "2019.10.23"]
[Round "9.10"]
[White "Yakubbaeva, Nilufar"]
[Black "Chitlange Sakshi"]
[Result "0-1"]
[ECO "B10"]
[WhiteElo "2281"]
[BlackElo "2175"]
[Annotator "ChessBase"]
[PlyCount "111"]
[EventDate "2019.10.15"]
[EventType "swiss"]
[EventCountry "IND"]
[SourceTitle "playchess.com"]
[Source "ChessBase"]
[SourceQuality "1"]
[TimeControl "40/5400+30:1800+30"]

1. e4 c6 2. Nf3 d5 3. exd5 cxd5 4. Ne5 Nf6 5. d4 g6 6. c3 Bg7 7. Bd3 O-O 8. O-O Nfd7 9. Qe2 Nc6 10. f4 Re8 11. Nd2 Qc7 12. Ndf3 Nf8 13. f5 Bxf5 14. Bxf5 gxf5 15. Nxc6 bxc6 16. Nh4 e6 17. Qh5 f6 18. g4 fxg4 19. Qxg4 Qf7 20. Rf2 Ng6 21. Rg2 Nxh4 22. Qxh4 Kh8 23. Bd2 Bf8 24. Rf1 Be7 25. Kh1 Rg8 26. Rxg8+ Rxg8 27. Bf4 Qg6 28. Bg3 Qd3 29. Qf4 Rg4 30. Qf2 Re4 31. Rg1 Qe2 32. Qxe2 Rxe2 33. Bf4 Bf8 34. Rg2 Re1+ 35. Rg1 Rxg1+ 36. Kxg1 Kg7 37. h4 Kg6 38. Kf2 Kf5 39. Bb8 a6 40. Kf3 h5 41. b3 e5 42. dxe5 fxe5 43. c4 Be7 44. Ba7 Bxh4 45. cxd5 cxd5 46. a3 Be7 47. b4 h4 48. Bf2 e4+ 49. Kg2 Kf4 50. Be1 e3 51. a4 d4 52. b5 axb5 53. axb5 Bd8 54. Bb4 d3 55. Kf1 Kf3 56. Ke1 0-1

[Event "WJCC U20 Girls 2019"]
[Site "New Delhi"]
[Date "2019.10.23"]
[Round "9.11"]
[White "Cervantes Landeiro, Thalia"]
[Black "Arpita, Mukherjee"]
[Result "1/2-1/2"]
[ECO "E81"]
[WhiteElo "2176"]
[BlackElo "2271"]
[Annotator "ChessBase"]
[PlyCount "105"]
[EventDate "2019.10.15"]
[EventType "swiss"]
[EventCountry "IND"]
[SourceTitle "playchess.com"]
[Source "ChessBase"]
[SourceQuality "1"]
[TimeControl "40/5400+30:1800+30"]

1. d4 Nf6 2. c4 g6 3. f3 Bg7 4. e4 d6 5. Nc3 O-O 6. Nge2 c5 7. Be3 Nc6 8. d5 Ne5 9. Ng3 h5 10. Be2 e6 11. O-O exd5 12. cxd5 a6 13. a4 Nh7 14. Qd2 h4 15. Nh1 g5 16. f4 gxf4 17. Bxf4 Kh8 18. Nf2 Rg8 19. Kh1 Qe7 20. Bh5 Bd7 21. Nd3 Nc4 22. Qe2 h3 23. g3 b5 24. axb5 axb5 25. Rxa8 Rxa8 26. Bc1 Rf8 27. Bg4 b4 28. Nd1 f5 29. Nf4 Ne5 30. Bxh3 fxe4 31. Bxd7 Qxd7 32. Qxe4 Kg8 33. Ne3 Ng5 34. Qg2 Bh8 35. h4 Qh7 36. b3 Ne4 37. Bb2 Bg7 38. Ne6 Rxf1+ 39. Nxf1 Qf5 40. Nf4 Ng4 41. Bxg7 Kxg7 42. Qf3 Kg8 43. Ne3 Nxe3 44. Qxe3 Qe5 45. Kg2 Qb2+ 46. Kf3 Nd2+ 47. Kg4 Nxb3 48. Qe6+ Kh7 49. Qg6+ Kh8 50. Qe8+ Kh7 51. Qg6+ Kh8 52. Qh6+ Kg8 53. Qe6+ 1/2-1/2

[Event "WJCC U20 Girls 2019"]
[Site "New Delhi"]
[Date "2019.10.23"]
[Round "9.12"]
[White "Priyanka, Kumari"]
[Black "Kiolbasa, Oliwia"]
[Result "0-1"]
[ECO "C42"]
[WhiteElo "1921"]
[BlackElo "2223"]
[Annotator "ChessBase"]
[PlyCount "94"]
[EventDate "2019.10.15"]
[EventType "swiss"]
[EventCountry "IND"]
[SourceTitle "playchess.com"]
[Source "ChessBase"]
[SourceQuality "1"]
[TimeControl "40/5400+30:1800+30"]

1. e4 e5 2. Nf3 Nf6 3. Nc3 Bb4 4. Nxe5 O-O 5. Be2 Re8 6. Nd3 Bxc3 7. dxc3 Nxe4 8. O-O d6 9. Re1 Nd7 10. Nf4 Ndf6 11. Be3 h6 12. Nh5 Bf5 13. Qd4 Nxh5 14. Bxh5 Nf6 15. Bf3 Be4 16. Bxe4 Rxe4 17. Qd3 Qe7 18. f3 Re5 19. Bf2 Re8 20. Bg3 Rxe1+ 21. Rxe1 Qd7 22. Re3 Rxe3 23. Qxe3 Qb5 24. b3 Qd5 25. Qd4 Qf5 26. Qd2 Qc5+ 27. Bf2 Qa3 28. Bd4 Qxa2 29. Bxf6 gxf6 30. h4 Kg7 31. Qd3 Qa5 32. Kh1 Qe5 33. Qc4 c6 34. Qg4+ Kh7 35. Qb4 b5 36. c4 Qd4 37. h5 bxc4 38. bxc4 Qa1+ 39. Kh2 Qe5+ 40. Kh1 Qxh5+ 41. Kg1 Qc5+ 42. Qxc5 dxc5 43. Kf2 Kg6 44. Ke3 Kg5 45. g3 f5 46. f4+ Kg4 47. Kf2 a5 0-1

[Event "WJCC U20 Girls 2019"]
[Site "New Delhi"]
[Date "2019.10.23"]
[Round "9.15"]
[White "Narva, Mai"]
[Black "Sapale Saloni"]
[Result "1/2-1/2"]
[ECO "B90"]
[WhiteElo "2378"]
[BlackElo "2142"]
[Annotator "ChessBase"]
[PlyCount "90"]
[EventDate "2019.10.15"]
[EventType "swiss"]
[EventCountry "IND"]
[SourceTitle "playchess.com"]
[Source "ChessBase"]
[SourceQuality "1"]
[TimeControl "40/5400+30:1800+30"]

1. e4 c5 2. Nf3 d6 3. d4 Nf6 4. Nc3 cxd4 5. Nxd4 a6 6. a4 e5 7. Nb3 Be6 8. Bg5 Nbd7 9. Be2 Be7 10. O-O O-O 11. a5 Rc8 12. Be3 Qc7 13. Bf3 Rfd8 14. h3 Qc6 15. Qd2 h6 16. Rfd1 Nh7 17. Be2 Nhf6 18. f3 Nf8 19. Bb6 Rd7 20. Qe3 Ng6 21. Na4 Nh5 22. Qd2 Nhf4 23. Bf1 Nh4 24. Qc3 Nhg6 25. Bf2 Qxc3 26. Nxc3 h5 27. Rac1 h4 28. Na4 Rc6 29. c4 Rdc7 30. Nd2 Nf8 31. Nb6 Nd7 32. b4 Nxb6 33. Bxb6 Rc8 34. Ra1 Bd8 35. Be3 Ra8 36. b5 axb5 37. cxb5 Rc3 38. Bxf4 exf4 39. a6 bxa6 40. Nb1 Rcc8 41. bxa6 Bb6+ 42. Kh2 Bc5 43. Nc3 Rc6 44. Na4 Bb3 45. Rdb1 Bxa4 1/2-1/2

[Event "WJCC U20 Girls 2019"]
[Site "New Delhi"]
[Date "2019.10.23"]
[Round "9.17"]
[White "Diakonova, Ekaterina"]
[Black "Rindhiya V"]
[Result "1-0"]
[ECO "C99"]
[WhiteElo "2231"]
[BlackElo "1817"]
[Annotator "ChessBase"]
[PlyCount "91"]
[EventDate "2019.10.15"]
[EventType "swiss"]
[EventCountry "IND"]
[SourceTitle "playchess.com"]
[Source "ChessBase"]
[SourceQuality "1"]
[TimeControl "40/5400+30:1800+30"]

1. e4 e5 2. Nf3 Nc6 3. Bb5 a6 4. Ba4 Nf6 5. O-O Be7 6. Re1 b5 7. Bb3 O-O 8. h3 d6 9. c3 Na5 10. Bc2 c5 11. d4 Qc7 12. Nbd2 cxd4 13. cxd4 Nc6 14. Nb3 a5 15. Be3 a4 16. Nbd2 Bd7 17. Rc1 Rfc8 18. Bd3 Qb7 19. Qe2 Rab8 20. Bb1 Rc7 21. Nf1 Rbc8 22. Rcd1 g6 23. Bg5 Qb6 24. Bxf6 Bxf6 25. Ne3 Ne7 26. dxe5 dxe5 27. Nd5 Nxd5 28. exd5 Qd6 29. Nd2 Bg7 30. Ne4 Qf8 31. a3 f5 32. d6 Rc6 33. Ba2+ Kh8 34. Ng5 h6 35. Nf7+ Kh7 36. Nxe5 Bxe5 37. Qxe5 Re8 38. Qe7+ Rxe7 39. dxe7 Qe8 40. Rxd7 Rc8 41. Red1 Kg7 42. Rd8 Qxe7 43. R8d7 Qxd7 44. Rxd7+ Kf6 45. f4 Rc2 46. Rf7# 1-0

[Event "WJCC U20 Girls 2019"]
[Site "New Delhi"]
[Date "2019.10.23"]
[Round "9.18"]
[White "Mrudul Dehankar"]
[Black "Avetisyan, Mariam"]
[Result "0-1"]
[ECO "C11"]
[WhiteElo "2227"]
[BlackElo "2110"]
[Annotator "ChessBase"]
[PlyCount "174"]
[EventDate "2019.10.15"]
[EventType "swiss"]
[EventCountry "IND"]
[SourceTitle "playchess.com"]
[Source "ChessBase"]
[SourceQuality "1"]
[TimeControl "40/5400+30:1800+30"]

1. e4 e6 2. Nf3 d5 3. Nc3 Nf6 4. e5 Nfd7 5. d4 c5 6. dxc5 Nc6 7. Bf4 Nxc5 8. a3 a6 9. h4 Be7 10. h5 b5 11. Nd4 Nxd4 12. Qxd4 Nd7 13. Qe3 Qa5 14. Rd1 b4 15. axb4 Qxb4 16. Be2 Bc5 17. Qd2 Bb7 18. Bf3 O-O 19. O-O Rac8 20. Bg3 Be7 21. Ne2 Qxd2 22. Rxd2 Bg5 23. Bf4 Bxf4 24. Nxf4 Nxe5 25. Be2 Nc4 26. Rd3 Nd6 27. Rc1 Rfd8 28. Ra3 Nb5 29. Rb3 Bc6 30. c3 Ra8 31. Ra1 Rdb8 32. Nd3 a5 33. Ne5 Be8 34. Kf1 f6 35. Nd3 Kf8 36. Nf4 Ke7 37. c4 dxc4 38. Bxc4 e5 39. Nd5+ Kf8 40. h6 Nd6 41. hxg7+ Kxg7 42. Nc7 Nxc4 43. Rg3+ Bg6 44. Nxa8 Rxa8 45. b3 Nd6 46. Rc3 Nb5 47. Rc5 Nd4 48. Raxa5 Rxa5 49. Rxa5 Nxb3 50. Ra3 Nd4 51. f3 h5 52. Kf2 Bf7 53. Ra4 Kg6 54. Ra7 Be6 55. Ra8 Kg5 56. Ra4 h4 57. Ke3 Nf5+ 58. Kf2 Ng3 59. Ra6 Bf5 60. Ra8 Bg6 61. Ra5 Kf4 62. Ra6 Kg5 63. Ra5 Bh5 64. Rb5 Kf4 65. Rb4+ e4 66. fxe4 Nxe4+ 67. Kg1 f5 68. Kh2 Kg4 69. Ra4 Bg6 70. Ra6 Be8 71. Rb6 Ng5 72. Rb4+ f4 73. Rb3 Bc6 74. Rb4 Be4 75. Kg1 Kg3 76. Rb5 Kg4 77. Rb4 f3 78. gxf3+ Nxf3+ 79. Kh1 Ng5+ 80. Kh2 h3 81. Ra4 Nf3+ 82. Kh1 Nd2+ 83. Kg1 Kg3 84. Ra3+ Bf3 85. Rxf3+ Nxf3+ 86. Kh1 Ne1 87. Kg1 Nd3 0-1

[Event "WJCC U20 Girls 2019"]
[Site "New Delhi"]
[Date "2019.10.23"]
[Round "9.19"]
[White "Olde, Margareth"]
[Black "Ghosh Samriddhaa"]
[Result "1/2-1/2"]
[ECO "D30"]
[WhiteElo "2205"]
[BlackElo "1867"]
[Annotator "ChessBase"]
[PlyCount "88"]
[EventDate "2019.10.15"]
[EventType "swiss"]
[EventCountry "IND"]
[SourceTitle "playchess.com"]
[Source "ChessBase"]
[SourceQuality "1"]
[TimeControl "40/5400+30:1800+30"]

1. d4 d5 2. c4 e6 3. Nf3 c6 4. g3 Nf6 5. Bg2 Be7 6. O-O O-O 7. Qc2 Nbd7 8. Rd1 b6 9. Bf4 Bb7 10. Ne5 Rc8 11. Nc3 c5 12. cxd5 exd5 13. e3 cxd4 14. exd4 Bb4 15. Qb3 Bxc3 16. bxc3 h6 17. Rac1 Re8 18. h4 Nf8 19. Qa4 a5 20. c4 Ne6 21. Be3 Ba6 22. cxd5 Rxc1 23. Rxc1 b5 24. Qb3 a4 25. Qd3 Nxd5 26. Nc6 Qd6 27. Bxd5 Qxd5 28. Nb4 Qd6 29. Nxa6 Qxa6 30. d5 Rd8 31. Qf5 Nf8 32. Bf4 Qg6 33. Qe5 f6 34. Qd4 Qf5 35. Rd1 Ne6 36. Qd2 Nxf4 37. gxf4 Qg4+ 38. Kf1 Qh3+ 39. Kg1 Qg4+ 40. Kf1 Qh3+ 41. Kg1 Qg4+ 42. Kf1 Qh3+ 43. Kg1 Qg4+ 44. Kf1 Qh3+ 1/2-1/2

[Event "WJCC U20 Girls 2019"]
[Site "New Delhi"]
[Date "2019.10.23"]
[Round "9.20"]
[White "Bhagyashree Patil"]
[Black "Pychova, Nela"]
[Result "1/2-1/2"]
[ECO "B13"]
[WhiteElo "1802"]
[BlackElo "2178"]
[Annotator "ChessBase"]
[PlyCount "70"]
[EventDate "2019.10.15"]
[EventType "swiss"]
[EventCountry "IND"]
[SourceTitle "playchess.com"]
[Source "ChessBase"]
[SourceQuality "1"]
[TimeControl "40/5400+30:1800+30"]

1. e4 c6 2. d4 d5 3. exd5 cxd5 4. Bd3 g6 5. Ne2 Bf5 6. O-O Nf6 7. Ng3 Bxd3 8. Qxd3 Bg7 9. Nd2 O-O 10. Nf3 Nc6 11. Bf4 Rc8 12. c3 a6 13. Rac1 b5 14. b4 Qb6 15. Nd2 Rfe8 16. Rfe1 Nd7 17. Be3 Qb8 18. Nb3 e5 19. Ne2 e4 20. Qb1 Nd8 21. Nc5 Qa7 22. Rc2 Nb6 23. Bc1 f5 24. a4 Nc4 25. Ra2 Qb6 26. axb5 axb5 27. Bf4 Nc6 28. Ra6 Qd8 29. Qc1 Bf6 30. Bh6 Qe7 31. Nf4 Qf7 32. Nh3 Nb8 33. Ra2 Nc6 34. Ra6 Nb8 35. Ra2 Nc6 1/2-1/2

[Event "WJCC U20 Girls 2019"]
[Site "New Delhi"]
[Date "2019.10.23"]
[Round "9.22"]
[White "Nomindalai Tumurbaatar"]
[Black "Harshita Guddanti"]
[Result "1/2-1/2"]
[ECO "A45"]
[WhiteElo "2061"]
[BlackElo "2123"]
[Annotator "ChessBase"]
[PlyCount "87"]
[EventDate "2019.10.15"]
[EventType "swiss"]
[EventCountry "IND"]
[SourceTitle "playchess.com"]
[Source "ChessBase"]
[SourceQuality "1"]
[TimeControl "40/5400+30:1800+30"]

1. d4 Nf6 2. Bf4 e6 3. e3 c5 4. c3 Nc6 5. Nd2 d5 6. Ngf3 Bd6 7. Bg3 O-O 8. Bd3 b6 9. Qe2 Bb7 10. Rd1 Be7 11. Ne5 g6 12. f4 Nh5 13. O-O f5 14. Be1 Qc7 15. Ndf3 Bf6 16. Kh1 a5 17. Nxc6 Bxc6 18. Rg1 Ba4 19. b3 Bd7 20. g4 fxg4 21. Ne5 Bxe5 22. fxe5 c4 23. Qxg4 cxd3 24. Qxh5 Rf1 25. Bd2 Rxd1 26. Qxd1 a4 27. b4 a3 28. Rf1 Qd8 29. Rf6 Qe7 30. Be1 Rf8 31. Bh4 Qg7 32. Bg5 Bb5 33. Rxe6 Qd7 34. Rxb6 Qf5 35. Bf4 Qe4+ 36. Kg1 Rxf4 37. exf4 Qe3+ 38. Kg2 Qe4+ 39. Kg3 Qe3+ 40. Kg2 Qe4+ 41. Kg3 Qe3+ 42. Kg2 Qe4+ 43. Kg3 Qe3+ 44. Kg2 1/2-1/2

[Event "WJCC U20 Girls 2019"]
[Site "New Delhi"]
[Date "2019.10.23"]
[Round "9.23"]
[White "Mirza, Diana"]
[Black "Dwilewicz, Katarzyna"]
[Result "0-1"]
[ECO "C47"]
[WhiteElo "1986"]
[BlackElo "2106"]
[Annotator "RC"]
[PlyCount "50"]
[EventDate "2019.10.15"]
[EventType "swiss"]
[EventCountry "IND"]
[SourceTitle "playchess.com"]
[Source "ChessBase"]
[SourceQuality "1"]
[TimeControl "40/5400+30:1800+30"]

1. e4 e5 2. Nf3 Nc6 3. Nc3 Nf6 4. g3 d5 5. exd5 Nxd5 6. Bg2 Nxc3 7. bxc3 Bc5 8. O-O O-O 9. d3 Qf6 10. Ng5 Qg6 11. Ne4 Bb6 12. Ba3 Re8 13. Rb1 Bg4 14. Qd2 Rad8 15. h3 Bxh3 16. Bxh3 Qxe4 17. Bg2 Qg6 18. Rfe1 f5 19. Qe2 h6 20. Rb5 a6 21. Bxc6 axb5 22. Bxe8 Qxg3+ 23. Kh1 Qh3+ 24. Kg1 Rxe8 25. d4 Re6 0-1

[Event "WJCC U20 Girls 2019"]
[Site "New Delhi"]
[Date "2019.10.23"]
[Round "9.24"]
[White "Katkov, Michelle"]
[Black "Srimathi R"]
[Result "1-0"]
[ECO "B24"]
[WhiteElo "2106"]
[BlackElo "1914"]
[Annotator "ChessBase"]
[PlyCount "81"]
[EventDate "2019.10.15"]
[EventType "swiss"]
[EventCountry "IND"]
[SourceTitle "playchess.com"]
[Source "ChessBase"]
[SourceQuality "1"]
[TimeControl "40/5400+30:1800+30"]

1. e4 c5 2. Nc3 Nc6 3. Bb5 e6 4. Bxc6 bxc6 5. f4 d5 6. Nf3 Ba6 7. d3 Nf6 8. e5 Nd7 9. O-O g6 10. b3 Bg7 11. Qe1 O-O 12. Ba3 Re8 13. Na4 Bf8 14. c4 Rc8 15. Rc1 Be7 16. Rf2 Bf8 17. Rfc2 f5 18. exf6 Qxf6 19. Qa5 Nb8 20. Bxc5 Qd8 21. Qxd8 Rcxd8 22. Bxa7 dxc4 23. dxc4 Bd6 24. Ne5 Bxe5 25. fxe5 Nd7 26. Nc5 Nxc5 27. Bxc5 Rd7 28. Rf2 Red8 29. Rcf1 Rd1 30. Rf8+ Kg7 31. R8f7+ Kg8 32. Ra7 Bc8 33. Rc7 R1d2 34. Rff7 Rd1+ 35. Kf2 R1d2+ 36. Ke3 R2d3+ 37. Ke4 Bd7 38. Re7 Rd1 39. Bd6 Re1+ 40. Kd3 Rd1+ 41. Ke4 1-0

[Event "WJCC U20 Girls 2019"]
[Site "New Delhi"]
[Date "2019.10.23"]
[Round "9.25"]
[White "Tsotsonava, Elene"]
[Black "Ferkova, Dominika"]
[Result "1-0"]
[ECO "B14"]
[WhiteElo "1905"]
[BlackElo "2096"]
[Annotator "NA"]
[PlyCount "95"]
[EventDate "2019.10.15"]
[EventType "swiss"]
[EventCountry "IND"]
[SourceTitle "playchess.com"]
[Source "ChessBase"]
[SourceQuality "1"]
[TimeControl "40/5400+30:1800+30"]

1. e4 c6 2. d4 d5 3. exd5 cxd5 4. c4 Nf6 5. Nc3 g6 6. Qb3 e6 7. Nf3 Nc6 8. c5 Ne4 9. Bb5 Bg7 10. Bf4 O-O 11. Bxc6 bxc6 12. O-O f6 $11 13. Rfe1 g5 14. Bg3 Nxg3 15. hxg3 Kh8 16. g4 e5 17. dxe5 Bxg4 18. e6 Qc8 19. Nd4 Re8 20. e7 Qd7 21. Qa4 Rac8 22. Re3 f5 23. f3 Rxe7 24. Rae1 Rxe3 25. Rxe3 f4 26. Re2 Bh5 27. Re6 Be8 28. Rd6 Qb7 29. Ne6 Be5 30. Qc2 Qe7 31. Qf5 Bf6 32. Nxf4 gxf4 33. Qxf6+ Qxf6 34. Rxf6 Kg7 35. Rxf4 Bg6 36. Kf2 Rb8 37. b3 Re8 38. Ra4 Re7 39. Ne2 Kf6 40. Nd4 Be8 41. Ra6 Rc7 42. Nb5 Re7 43. Nd6 Bd7 44. Rxa7 Ke5 45. Ke3 d4+ 46. Kd2 Kd5 47. Ne4 Rf7 48. Rxd7+ 1-0

[Event "WJCC U20 Girls 2019"]
[Site "New Delhi"]
[Date "2019.10.23"]
[Round "9.26"]
[White "Toshali, V."]
[Black "Bauyrzhan, Arnash"]
[Result "1/2-1/2"]
[ECO "D02"]
[WhiteElo "1868"]
[BlackElo "2075"]
[Annotator "NA"]
[PlyCount "94"]
[EventDate "2019.10.15"]
[EventType "swiss"]
[EventCountry "IND"]
[SourceTitle "playchess.com"]
[Source "ChessBase"]
[SourceQuality "1"]
[TimeControl "40/5400+30:1800+30"]

1. d4 d5 2. Nf3 Nf6 3. Bf4 e6 4. e3 Bd6 5. Ne5 O-O 6. Nd2 c5 7. c3 Qc7 8. Bg3 Nbd7 9. f4 Ne4 10. Bd3 f5 11. Ndf3 Ndf6 12. Bh4 $15 c4 13. Bxe4 dxe4 14. Nd2 b5 15. O-O Nd5 16. Qe2 Bxe5 17. fxe5 Bb7 18. a4 a6 19. axb5 axb5 20. Rxa8 Rxa8 21. g4 b4 22. gxf5 bxc3 23. bxc3 exf5 24. Rxf5 Ra1+ 25. Nf1 Qc8 26. Rg5 Qh3 27. Be1 Nxc3 28. Qxc4+ Nd5 29. Rg3 Qe6 30. Qb3 Qa6 31. Kf2 Qa8 32. Bb4 Qc8 33. Nd2 h5 34. Bc5 Kh7 35. Kg2 h4 36. Rg5 h3+ 37. Kf2 Rh1 38. Nxe4 Rxh2+ 39. Kg1 Rg2+ 40. Rxg2 hxg2 41. e6 Bc6 42. Qb1 Kh6 43. Qe1 Qxe6 44. Qh4+ Kg6 45. Qg3+ Kh6 46. Qh4+ Kg6 47. Qg3+ Kh6 1/2-1/2

[Event "WJCC U20 Girls 2019"]
[Site "New Delhi"]
[Date "2019.10.23"]
[Round "9.27"]
[White "Obregon Garcia, Roxangel"]
[Black "Mungunzul, Bat-Erdene"]
[Result "1-0"]
[ECO "C78"]
[WhiteElo "2267"]
[BlackElo "1912"]
[Annotator "ChessBase"]
[PlyCount "85"]
[EventDate "2019.10.15"]
[EventType "swiss"]
[EventCountry "IND"]
[SourceTitle "playchess.com"]
[Source "ChessBase"]
[SourceQuality "1"]
[TimeControl "40/5400+30:1800+30"]

1. e4 e5 2. Nf3 Nc6 3. Bb5 a6 4. Ba4 Nf6 5. O-O b5 6. Bb3 Bc5 7. c3 d6 8. d4 Bb6 9. a4 Rb8 10. a5 Ba7 11. Be3 Bg4 12. dxe5 Bxf3 13. Qxf3 Nxe5 14. Qg3 Bxe3 15. Qxe3 O-O 16. Nd2 Re8 17. f3 c5 18. Rfd1 Nc6 19. Nf1 Nxa5 20. Bc2 Nc4 21. Qf4 Rb6 22. b3 Ne5 23. Ng3 g6 24. Rd2 Re6 25. Rad1 Qf8 26. Qg5 h6 27. Qe3 Ne8 28. Ne2 Nc7 29. f4 Nc6 30. Qg3 Ne7 31. f5 Rf6 32. Nf4 Qg7 33. fxg6 fxg6 34. e5 dxe5 35. Rd8+ Rf8 36. Rxf8+ Kxf8 37. Rd8+ Ne8 38. Nd3 Nc6 39. Qf2+ Ke7 40. Rd5 Nd8 41. Qxc5+ Rd6 42. Rxd6 Nxd6 43. Qc7+ 1-0

[Event "WJCC U20 Girls 2019"]
[Site "New Delhi"]
[Date "2019.10.23"]
[Round "9.28"]
[White "Cosme Contreras, Trilce"]
[Black "Ulziikhishigjargal, Ochirkhuyag"]
[Result "0-1"]
[ECO "E48"]
[WhiteElo "2027"]
[BlackElo "2194"]
[Annotator "ChessBase"]
[PlyCount "76"]
[EventDate "2019.10.15"]
[EventType "swiss"]
[EventCountry "IND"]
[SourceTitle "playchess.com"]
[Source "ChessBase"]
[SourceQuality "1"]
[TimeControl "40/5400+30:1800+30"]

1. d4 Nf6 2. c4 e6 3. Nc3 Bb4 4. e3 O-O 5. Bd3 d5 6. Nge2 dxc4 7. Bxc4 c5 8. O-O Nc6 9. Bd3 b6 10. a3 Bxc3 11. bxc3 Bb7 12. Bb2 Qe7 13. Ng3 Rfd8 14. Qe2 a6 15. Rad1 b5 16. c4 bxc4 17. Bxc4 cxd4 18. exd4 Nd5 19. f3 Na5 20. Ba2 Bc6 21. Qd2 Nb7 22. Ne4 Bb5 23. Rfe1 Qh4 24. Nc3 Nxc3 25. Bxc3 Nd6 26. Ba5 Rd7 27. Qb4 Rc8 28. Rc1 Rxc1 29. Rxc1 h6 30. a4 Qf4 31. Re1 Bc4 32. Qb8+ Kh7 33. Bb1+ g6 34. Bc3 Bd5 35. Bc2 Rb7 36. Qf8 Rc7 37. Bb4 Rxc2 38. Rf1 Qxd4+ 0-1

[Event "WJCC U20 Girls 2019"]
[Site "New Delhi"]
[Date "2019.10.23"]
[Round "9.29"]
[White "Kairbekova, Amina"]
[Black "Ananya, Suresh"]
[Result "1/2-1/2"]
[ECO "B54"]
[WhiteElo "2096"]
[BlackElo "1896"]
[Annotator "NA"]
[PlyCount "123"]
[EventDate "2019.10.15"]
[EventType "swiss"]
[EventCountry "IND"]
[SourceTitle "playchess.com"]
[Source "ChessBase"]
[SourceQuality "1"]
[TimeControl "40/5400+30:1800+30"]

1. e4 c5 2. Nf3 d6 3. d4 cxd4 4. Nxd4 a6 5. c4 Nf6 6. Nc3 e6 7. Be2 Be7 8. Be3 Qc7 9. O-O b6 10. f3 Bb7 11. Qd2 Nbd7 ({Predecessor:} 11... O-O 12. a4 {1-0 (76) Petermann,M (2233)-Kieslich,A (2085) Dresden 2012}) 12. a4 O-O 13. a5 {[%emt 0:00:30] A31: Symmetrical English: 2 Nf3 Nf6 3 d4} bxa5 14. Nb3 Nb6 $146 (14... d5 $11 {remains equal.}) (14... Rab8 15. Nxa5 Ba8 16. Rfc1 h5 17. b4 h4 18. b5 Nc5 19. bxa6 Nxa6 20. Nb5 Qd8 {0-1 (55) Borisek,J (2584)-Van Foreest,J (2612) chess.com INT 2019}) 15. Nxa5 d5 16. cxd5 exd5 17. Rfc1 Nc4 18. Nxd5 Bxd5 19. Nxc4 Bxc4 20. Bxc4 Qb7 21. b3 Bb4 22. Qe2 a5 23. Bd4 Qe7 24. e5 Rfd8 25. Bc3 Bxc3 26. Rxc3 Nd5 27. Bxd5 Rxd5 28. Rac1 Rad8 29. Rc8 h6 30. f4 Qa7+ 31. Kh1 Qb7 32. Rxd8+ Rxd8 33. Qe3 Qd5 34. h3 Rb8 35. Rc3 Rb4 36. Kh2 Kh7 37. Qg3 Qe4 38. Rf3 Qf5 39. Qf2 h5 40. Qh4 g6 41. Qf2 Kg7 42. g3 a4 43. bxa4 Rxa4 44. Qg2 Rc4 45. g4 hxg4 46. hxg4 Qe4 47. Qg3 g5 $11 48. f5 Qxg4 49. f6+ Kg8 50. Qxg4 Re4 51. Rf5 Rxg4 52. Rf3 Kf8 53. Rf1 Re4 54. Rf5 Rg4 55. Kh3 Rg1 56. Rf2 Re1 57. Ra2 Rxe5 58. Ra8+ Re8 59. Ra5 Re6 60. Ra8+ Re8 61. Ra5 Re6 62. Ra8+ 1/2-1/2

[Event "WJCC U20 Girls 2019"]
[Site "New Delhi"]
[Date "2019.10.23"]
[Round "9.30"]
[White "Vlkova, Anezka"]
[Black "Ortiz Verdezoto, Anahi"]
[Result "0-1"]
[ECO "C50"]
[WhiteElo "1972"]
[BlackElo "2055"]
[Annotator "NA"]
[PlyCount "44"]
[EventDate "2019.10.15"]
[EventType "swiss"]
[EventCountry "IND"]
[SourceTitle "playchess.com"]
[Source "ChessBase"]
[SourceQuality "1"]
[TimeControl "40/5400+30:1800+30"]

1. e4 e5 2. Nf3 Nc6 3. Bc4 Bc5 4. O-O Nf6 5. d3 O-O 6. h3 {[%emt 0:00:21] C50: Hungarian Defence and Giuoco Pianissimo} (6. c3 d6 7. h3 h6 8. Re1 a6 9. a4 a5 10. Nbd2 Be6 11. Bb5 Na7 12. d4 Nxb5 13. dxc5 Na7 14. b3 Re8 15. cxd6 Qxd6 16. Ba3 {1-0 (43) Carlsen,M (2882)-So,W (2776) Saint Louis 2019}) 6... h6 7. c3 d5 8. exd5 Nxd5 9. Re1 Be6 10. b4 Bd6 11. b5 $146 ({Predecessor:} 11. Qb3 Nf4 12. Bxf4 Bxc4 13. Qxc4 exf4 {0-1 (49) Ilyushenok,I-Bogdanovich,S Budva 2003}) 11... Nce7 12. Nxe5 c6 13. a4 Qc7 14. Qe2 Rfe8 15. Ba3 c5 16. Nf3 Rad8 17. Qc2 Qc8 18. Qb3 {[%emt 0:04:25] [#]} Bxh3 $19 19. Bxd5 $2 (19. Re4 Qf5 20. Bc1) 19... Nxd5 20. Rxe8+ Rxe8 21. Qc4 Bxg2 22. Qxd5 Qh3 0-1